 Dungeon Crawl Stone Soup version 0.31-a0-431-g88bdf31460 (webtiles) character file.

Game seed: 7361964067927051509

206 floatRand the Trooper (level 5, -4/34 HPs)
             Began as a Gargoyle Monk on Aug 1, 2023.
             Slain by an orc
             ... wielding a +0 trident
              (7 damage)
             ... on level 3 of the Dungeon.
             The game lasted 00:02:11 (2191 turns).

floatRand the Trooper (Gargoyle Monk)               Turns: 2191, Time: 00:02:12

Health: -4/34      AC:  7    Str: 17    XL:     5   Next: 84%
Magic:  5/5        EV: 12    Int: 10    God:
Gold:   64         SH:  0    Dex: 12    Spells: 4/4 levels left

rFire   . . .        a - +0 mace
rCold   . . .        d - orb {light}
rNeg    + . .        b - +0 robe
rPois   ∞            i - +0 helmet
rElec   +            (no cloak)
rCorr   .            (no gloves)
SInv    .            (no boots)
Will    .....        (no amulet)
Stlth   +            (no ring)
HPRegen 0.25/turn    (no ring)
MPRegen 0.09/turn

%: no passive effects
@: glowing
A: sickness immunity, AC +4, negative energy resistance 1, electricity
resistance, torment resistance 1, petrification resistance
a: no special abilities


You were on level 3 of the Dungeon.
You visited 1 branch of the dungeon, and saw 4 of its levels.

You collected 64 gold pieces.

Inventory:

Hand Weapons
 a - a +0 mace (weapon)
Armour
 b - a +0 robe (worn)
 d - an orb of light (worn)
 i - a +0 helmet (worn)
Scrolls
 e - 4 scrolls of identify {unknown}
 h - 2 scrolls of immolation {unknown}
 l - a scroll of noise {unknown}
Potions
 c - a potion of ambrosia
 f - 2 potions of mutation {unknown}
 g - a potion of might {unknown}
 j - a potion of berserk rage {unknown}
 k - a potion of attraction {unknown}
 m - 2 potions of enlightenment {unknown}


   Skills:
 + Level 4.9 Fighting
 + Level 4.3 Maces & Flails
 + Level 2.0 Armour
 - Level 3.0 Dodging


You had 4 spell levels left.
You didn't know any spells.
Your spell library contained the following spells:

 Spells                   Type           Power      Damage    Failure   Level
 Shock                    Conj/Air       0%         1d3       36%         1
 Blink                    Tloc           0%         N/A       50%         2
 Lesser Beckoning         Tloc           0%         N/A       50%         2
 Momentum Strike          Conj/Tloc      0%         3d8       50%         2
 Swiftness                Air            0%         N/A       75%         3
 Airstrike                Air            0%         2d(0-16)  98%         4


Dungeon Overview and Level Annotations

Branches:
Dungeon (4/15)
 Temple: D:4-7

Altars:
Cheibriados

Shops:
D:3 (


Innate Abilities, Weirdness & Mutations

You are immune to sickness and miasma.
Your stone body is resilient. (AC +4)
You are immune to poison.
You resist negative energy. (rN+)
You are resistant to electric shocks. (rElec)
You are resistant to unholy torment.
You are immune to petrification.


Message History

The orc closely misses you. x2
You sock the orc!
You kill the orc!
The orc hits you but does no damage.
Things that are here:
a +0 hand axe; a +0 flail; a +0 leather armour You sock the orc priest!
The orc priest is heavily wounded.
The orc hits you with a +0 trident. The orc priest hits you with a +0 club.
You hit the orc priest.
The orc priest is almost dead.
The orc barely misses you.
The orc priest hits you but does no damage.
Unknown command.
You hit the orc priest but do no damage.
The orc priest is almost dead.
The orc hits you but does no damage.
The orc priest hits you with a +0 club. x2
* * * LOW HITPOINT WARNING * * *
The orc barely misses you.
You hit the orc priest but do no damage.
The orc priest is almost dead.
The orc priest mumbles some strange prayers to Beogh against you.
You barely resist. The orc hits you with a +0 trident.
* * * LOW HITPOINT WARNING * * *
You are too injured to fight recklessly!
Unknown command.
You are too injured to fight recklessly!
Unknown command.
You hit the orc priest.
The orc priest is almost dead.
The orc hits you with a +0 trident.
* * * LOW HITPOINT WARNING * * *
The orc priest completely misses you.
Unknown command.
You hit the orc priest.
You kill the orc priest!
The orc hits you but does no damage.
Your Armour skill increases to level 2!
You barely miss the orc. The orc hits you with a +0 trident!
You die...

##.##
.######...###
............#
.#.###.###.#
#.#.#.#.#.#
#.#.#∩#.#.#
#.#.#(#†#(#.#
#...###)###.#
##.....o@...#
#......[.###
##########


You could see 2 dancing weapons and an orc.

Vanquished Creatures
  A scorpion (D:3)
  An orc priest (D:3)
  Robin (D:2)
  4 adders
  2 worms
  2 dart slugs
  5 orcs (D:3)
  An endoplasm (D:1)
  9 goblins
  9 hobgoblins
  4 quokkas
  8 bats
  A frilled lizard (D:1)
  5 kobolds
  5 rats
58 creatures vanquished.

Notes
Turn   | Place    | Note
-------+----------+-------------------------------------------
     0 | D:1      | floatRand the Gargoyle Monk began the quest for the Orb.
     0 | D:1      | Reached XP level 1. HP: 14/14 MP: 1/1
   138 | D:1      | Reached XP level 2. HP: 18/19 MP: 2/2
   243 | D:1      | Found a faded altar of an unknown god.
   808 | D:1      | Reached XP level 3. HP: 21/24 MP: 3/3
   867 | D:2      | You fall into a shaft and drop 2 floors!
   883 | D:4      | Found a snail-covered altar of Cheibriados.
  1248 | D:2      | Noticed Robin
  1393 | D:2      | Killed Robin
  1394 | D:2      | Reached XP level 4. HP: 3/29 MP: 4/4
  1960 | D:3      | Noticed a scorpion
  1976 | D:3      | Killed a scorpion
  1977 | D:3      | Reached skill level 1 in Armour
  1977 | D:3      | Reached XP level 5. HP: 17/34 MP: 5/5
  2161 | D:3      | Found Rotuvebb's Weapon Shop.
  2161 | D:3      | Noticed a +0 lajatang
  2161 | D:3      | Noticed a +0 rapier
  2191 | D:3      | Slain by an orc

Illustrated notes

Levels and vault maps discovered:
D:1:      dpeg_arrival_castle, layout_basic,
          chequers_ecumenical_altar_simple_redux, roderic_nine_men_s_morris
D:2:      layout_basic, kennysheep_generic_room_6, uniq_robin
D:3:      layout_loops_cross, serial_shops, nicolae_shop_mannequins
D:4:      layout_loops_ring, mainiacjoe_overflow_catwalk_spiral,
          minmay_temple_entry_overgrown, serial_shops,
          nicolae_shop_gibbet_a_chance, minmay_misc_feat_plants,
          serial_bayou_lagoon_b, uniq_natasha

Skill      XL: |  1  2  3  4  5 |
---------------+----------------+-----
Fighting       | 4 |  4.9
Dodging        | 3 |  3.0
Maces & Flails | 4 |  4.3
Armour         | 1 2 |  2.0

Action                     |  1- 3 |  4- 6 || total
---------------------------+-------+-------++-------
  Melee: Mace              |   108 |    82 ||   190
 Armour: Robe              |    60 |    40 ||   100
  Dodge: Dodged            |   120 |    61 ||   181

Table legend: (Time is in decaauts)
 A = Elapsed time spent in this place.
 B = Non-inter-level travel time spent in this place.
 C = Inter-level travel time spent in this place.
 D = Time resting spent in this place.
 E = Time spent auto-exploring this place.
 F = Levels seen in this place.
 G = Mean time per level.
                   A        B        C        D        E       F      G
               +--------+--------+--------+--------+--------+-----+--------+
         Total |   2240 |   2215 |     25 |    292 |   1321 |   4 |  560.0 |
       Dungeon |   2240 |   2215 |     25 |    292 |   1321 |   4 |  560.0 |
               +--------+--------+--------+--------+--------+-----+--------+

Top non-repeatable levels by time:
     D:1: 1017 daAuts
     D:2: 917 daAuts
     D:3: 287 daAuts
     D:4: 18 daAuts
